 Dungeon Sprint DCSS version 0.22-a0-398-g8bb545f (webtiles) character file.

6589 emperorscorpion the Warrior (level 11, -6/71 HPs)
             Began as a Vine Stalker Berserker on May 5, 2018.
             Was the Champion of Trog.
             Mangled by an orc knight
             ... wielding a +0 dire flail
              (26 damage)
             ... in the Dungeon (Sprint IX: "|||||||||||||||||||||||||||||").
             The game lasted 00:05:44 (919 turns).

emperorscorpion the Warrior (Vine Stalker Berserker) Turns: 919, Time: 00:05:45

Health: -6/71      AC:  5    Str: 23    XL:     11   Next: 2%
Magic:  0/13       EV: 19    Int:  7    God:    Trog [******]
Gold:   650        SH:  0    Dex: 17    Spells: 10/10 levels left

rFire    . . .     SeeInvis .   a - +5 quick blade
rCold    . . .     Gourm    .   (no shield)
rNeg     . . .     Faith    .   (no armour)
rPois    .         Spirit   +   (no helmet)
rElec    .         Reflect  .   C - +0 cloak
rCorr    .         Harm     .   q - +0 pair of gloves
MR       +++..     NoTele   +   B - +0 pair of boots
Stlth    +++.......             (no amulet)
HPRegen  1.61/turn              r - +2 ring of protection
MPRegen  0.13/turn              s - +3 ring of strength

@: berserk cooldown, starving, regenerating, slowed, very slow
A: fangs 3, regeneration 1, magic shield, antimagic bite, no potion heal 3, rot
immunity
a: Berserk, Trog's Hand, Brothers in Arms, Renounce Religion


You were in the Dungeon.
You worshipped Trog.
Trog was exalted by your worship.
You were starving.

You visited 1 branch You collected 650 gold pieces.

Inventory:

Hand Weapons
 a - a +5 quick blade (weapon)
 o - a +0 short sword
 p - a +2 scimitar of electrocution
 y - a +2 rapier of draining
 E - a +3 antimagic dagger
Armour
 b - a +0 animal skin
 q - a +0 pair of gloves (worn)
 B - a +0 pair of boots (worn)
 C - a +0 cloak (worn)
 D - a +0 pair of gloves
Magical Staves
 n - an uncursed staff of energy
Jewellery
 r - a +2 ring of protection (left hand)
 s - a +3 ring of strength (right hand)
Wands
 m - a wand of iceblast (9)
Scrolls
 i - 2 scrolls of blinking
 l - 4 scrolls of remove curse
 u - 2 scrolls of enchant weapon
 v - a scroll of fear
 w - a scroll of fog
 x - a scroll of identify
 z - a scroll of vulnerability
 A - a scroll of silence
Potions
 d - 6 potions of curing
 e - 5 potions of heal wounds
 f - 2 potions of haste
 g - 4 potions of magic
 h - 2 potions of berserk rage
 k - a potion of invisibility
 t - a potion of agility
Comestibles
 c - 11 rations
 j - 2 chunks of flesh


   Skills:
 + Level 15.1 Fighting
 - Level 12.7 Short Blades
 + Level 7.1 Armour
 + Level 9.7 Dodging
 + Level 4.1 Stealth
 + Level 1.3 Evocations


You had 10 spell levels left.
You didn't know any spells.

Dungeon Overview and Level Annotations

Branches:
Dungeon (1/1)

Altars:
Cheibriados
Dithmenos
Elyvilon
Fedhas
Gozag
Hepliaklqana
Kikubaaqudgha
Makhleb
Nemelex Xobeh
Okawaru
Qazlal
Ru
Sif Muna
Trog
Uskayaw
Vehumet
Wu Jian
Xom
Yredelemnul
Zin
The Shining One
Beogh
Jiyva
Lugonu


Innate Abilities, Weirdness & Mutations

You have razor-sharp teeth.
Your natural rate of healing is unusually fast.
When hurt, damage is shared between your health and your magic reserves.
Your bite disrupts and absorbs the magic of your enemies.
Potions cannot restore your health.
You are immune to rotting.


Message History

You bite the orc knight, but do no damage.
The orc knight is lightly wounded.
An orc sorcerer comes into view. It is wielding a dagger.
You hit the orc knight but do no damage.
You bite the orc knight! You drain its power.
You feel invigorated.
The orc knight is moderately wounded.
The orc sorcerer no longer looks unusually strong.
The orc knight hits you with a dire flail!
* * * LOW HITPOINT WARNING * * *
You hit the orc knight but do no damage.
You bite the orc knight. You drain its power.
You feel invigorated.
The orc knight is moderately wounded.
The orc knight roars a battlecry!
The orc sorcerer goes into a battle-frenzy!
You hit the orc knight but do no damage.
You bite the orc knight, but do no damage.
The orc knight is moderately wounded.
The orc knight no longer looks unusually strong.
The orc knight hits you with a dire flail!!
You die...

▓_▓.▓.▓.▓.▓
▓_▓.▓)▓.▓$▓
▓_▓.▓.▓.▓o▓
▓_▓.▓'▓.▓$▓
▓_▓.▓.▓.▓o▓
▓_▓.▓.▓.▓o▓
▓_▓.▓.▓.▓o▓
▓_▓.▓.▓.▓o▓
▓_▓.▓.▓.▓@▓
▓_▓.▓.▓.▓)▓
▓_▓.▓.▓.▓)▓
▓_▓.▓.▓.▓)▓
▓_▓.▓÷▓.▓)▓
▓_▓.▓'▓.▓)▓
▓_▓.▓)▓.▓.▓
▓_▓.▓.▓.▓)▓
▓_▓.▓.▓.▓)▓


You could see 2 orc knights, an orc sorcerer, an orc warrior and an orc.

Vanquished Creatures
  A centaur warrior (D)
  2 orc knights (D)
  A spiny frog (D)
  2 rime drakes (D)
  4 polar bears (D)
  A troll (D)
  A dream sheep (D)
  3 yaks (D)
  A basilisk (D)
  A water moccasin (D)
  3 porcupines (D)
  A necrophage (D)
  7 orc warriors (D)
  4 black bears (D)
  2 centaurs (D)
  A wolf (D)
  7 crocodiles (D)
  A hound (D)
  2 orc priests (D)
  An iguana (D)
  2 orc wizards (D)
  A worker ant (D)
  An adder (D)
  A shadow imp (D)
  8 orcs (D)
  A goblin (D)
  A quokka (D)
  A ball python (D)
  3 frilled lizards (D)
  A kobold (D)
  A leopard gecko zombie (D)
  A rat (D)
68 creatures vanquished.

Notes
Turn   | Place    | Note
-------+----------+-------------------------------------------
     0 | D        | emperorscorpion the Vine Stalker Berserker began the quest for the Orb.
     0 | D        | Reached XP level 1. HP: 11/11 MP: 2/2
     8 | D        | Reached skill level 3 in Fighting
    10 | D        | Reached ** piety under Trog
   166 | D        | Noticed a worker ant
   169 | D        | Reached *** piety under Trog
   174 | D        | Killed a worker ant
   174 | D        | Reached skill level 4 in Fighting
   174 | D        | Reached XP level 2. HP: 15/18 MP: 3/3
   174 | D        | Reached XP level 3. HP: 17/21 MP: 4/4
   185 | D        | Found a roughly hewn altar of Beogh.
   185 | D        | Found a snail-covered altar of Cheibriados.
   185 | D        | Found a shadowy altar of Dithmenos.
   185 | D        | Found a white marble altar of Elyvilon.
   185 | D        | Found a blossoming altar of Fedhas.
   185 | D        | Found an opulent altar of Gozag.
   186 | D        | Found a hazy altar of Hepliaklqana.
   187 | D        | Found a viscous altar of Jiyva.
   188 | D        | Found an ancient bone altar of Kikubaaqudgha.
   189 | D        | Found a corrupted altar of Lugonu.
   190 | D        | Found a burning altar of Makhleb.
   191 | D        | Found a sparkling altar of Nemelex Xobeh.
   192 | D        | Found an iron altar of Okawaru.
   193 | D        | Found a stormy altar of Qazlal.
   194 | D        | Found a sacrificial altar of Ru.
   195 | D        | Found a deep blue altar of Sif Muna.
   196 | D        | Found a bloodstained altar of Trog.
   197 | D        | Found a hide-covered altar of Uskayaw.
   198 | D        | Found a radiant altar of Vehumet.
   199 | D        | Found an ornate altar of the Wu Jian Council.
   200 | D        | Found a shimmering altar of Xom.
   201 | D        | Found a basalt altar of Yredelemnul.
   202 | D        | Found a glowing silver altar of Zin.
   203 | D        | Found a glowing golden altar of the Shining One.
   242 | D        | Noticed a crocodile
   242 | D        | Noticed a necrophage
   242 | D        | Noticed a centaur
   242 | D        | Noticed a crocodile
   249 | D        | Killed a crocodile
   249 | D        | Reached skill level 5 in Fighting
   249 | D        | Reached skill level 5 in Short Blades
   249 | D        | Gained mutation: Your natural rate of healing is unusually fast. [Vine Stalker growth]
   249 | D        | Reached XP level 4. HP: 28/28 MP: 5/5
   252 | D        | Killed a centaur
   252 | D        | Reached **** piety under Trog
   252 | D        | Reached skill level 7 in Fighting
   252 | D        | Reached XP level 5. HP: 33/33 MP: 6/6
   257 | D        | Killed a necrophage
   257 | D        | Reached XP level 6. HP: 39/39 MP: 7/7
   261 | D        | Reached skill level 8 in Fighting
   282 | D        | Noticed a centaur warrior
   282 | D        | Noticed a troll
   287 | D        | Reached ***** piety under Trog
   289 | D        | Reached XP level 7. HP: 38/44 MP: 5/8
   291 | D        | Reached skill level 9 in Fighting
   298 | D        | Killed a troll
   303 | D        | Killed a centaur warrior
   303 | D        | Reached skill level 10 in Fighting
   303 | D        | Reached skill level 5 in Armour
   303 | D        | Reached skill level 5 in Dodging
   303 | D        | Gained mutation: You have razor-sharp teeth. [Vine Stalker growth]
   303 | D        | Reached XP level 8. HP: 51/51 MP: 9/9
   431 | D        | Noticed a rime drake
   431 | D        | Noticed a yak
   437 | D        | Received a gift from Trog
   440 | D        | Reached skill level 11 in Fighting
   443 | D        | Noticed a yak
   444 | D        | Killed a yak
   444 | D        | Reached XP level 9. HP: 44/56 MP: 10/10
   445 | D        | Killed a rime drake
   457 | D        | Received a gift from Trog
   462 | D        | Reached skill level 1 in Stealth
   500 | D        | Noticed a spiny frog
   501 | D        | Noticed a rime drake
   511 | D        | Reached ****** piety under Trog
   511 | D        | Reached skill level 12 in Fighting
   530 | D        | Killed a spiny frog
   530 | D        | Reached XP level 10. HP: 63/63 MP: 11/11
   533 | D        | Received a gift from Trog
   533 | D        | Reached skill level 13 in Fighting
   580 | D        | Reached skill level 1 in Evocations
   588 | D        | Reached skill level 14 in Fighting
   607 | D        | Received a gift from Trog
   754 | D        | Received a gift from Trog
   781 | D        | Received a gift from Trog
   837 | D        | Noticed an orc knight
   837 | D        | Noticed an orc knight
   866 | D        | Killed an orc knight
   875 | D        | Killed an orc knight
   881 | D        | Reached skill level 15 in Fighting
   882 | D        | Noticed an orc knight
   884 | D        | Reached XP level 11. HP: 59/71 MP: 13/13
   888 | D        | Noticed an orc knight
   899 | D        | Received a gift from Trog
   917 | D        | Noticed an orc sorcerer
   919 | D        | Mangled by an orc knight

Vault maps used:
D:        linesprint

Skill      XL: |  1  2  3  4  5  6  7  8  9 10 |
---------------+-------------------------------+-----
Fighting       | 4 5 7 8 10 11 12 15 | 15.1
Short Blades   | 4 5 6 7 9 11 12 | 12.7
Armour         | 2 3 4 5 6 7 |  7.1
Dodging        | 2 3 4 5 7 9 |  9.7
Stealth        | 2 4 |  4.1
Evocations     | 1 |  1.3

Action                   |  1- 3 |  4- 6 |  7- 9 | 10-12 || total
-------------------------+-------+-------+-------+-------++-------
Melee: Short sword       |    17 |       |       |       ||    17
       Bite              |     7 |     7 |    27 |    73 ||   114
       Rapier            |     6 |    19 |    33 |       ||    58
       Quick blade       |       |       |    25 |   156 ||   181
Invok: Berserk           |     2 |       |     3 |     2 ||     7
       Trog's Hand       |     1 |       |     1 |     3 ||     5
Evoke: Wand              |       |       |     1 |       ||     1
  Eat: Chunk             |       |       |     3 |     3 ||     6
Armor: Animal skin       |     2 |     5 |     2 |     9 ||    18
Dodge: Dodged            |     8 |     8 |    10 |    62 ||    88

Table legend:
 A = Spawn XP
 B = Non-spawn XP
 C = Spawn XP percentage of total XP
 D = Spawn monster count
 E = Non-spawn monster count
 F = Spawn count percentage of total count
 G = Total turns spent on level
                    A         B        C        D         E        F      G
               +---------+---------+-------+---------+---------+-------+---------
         Total |       0 |    9414 |   0.0 |       0 |      68 |   0.0 |   919
               +---------+---------+-------+---------+---------+-------+---------
             D |       0 |    9414 |   0.0 |       0 |      68 |   0.0 |   919
               +---------+---------+-------+---------+---------+-------+---------
